 Dungeon Crawl Stone Soup version 0.30-a0-364-gf6b3ef1049 (webtiles) character file.

Game seed: 5276990265002861107

298 oldriver the Magician (level 6, -1/48 HPs)
             Began as a Mummy Necromancer on Nov 14, 2022.
             Slain by an orc
             ... wielding a +0 trident
              (3 damage)
             ... on level 4 of the Dungeon.
             The game lasted 00:03:23 (3138 turns).

oldriver the Magician (Mummy Necromancer)           Turns: 3138, Time: 00:03:23

Health: -1/48      AC:  3    Str: 11    XL:     6   Next: 13%
Magic:  7/14       EV: 12    Int: 16    God:
Gold:   162        SH:  0    Dex: 13    Spells: 5/16 levels left

rFire   x . .      SeeInvis .    f - +0 mace (protect)
rCold   + . .      Faith    +    (no shield)
rNeg    + + +      Spirit   .    a - +0 robe
rPois   ∞          Reflect  .    (no helmet)
rElec   .          Harm     .    (no cloak)
rCorr   .          Rampage  .    e - +0 pair of gloves
Will    .....                    (no boots)
Stlth   ++........               (no amulet)
HPRegen 0.28/turn                (no ring)
MPRegen 0.14/turn                (no ring)

@: no status effects
A: cold resistance 1, negative energy resistance 3, torment resistance 2, heat
vulnerability 1, in touch with death 1, no potions, faith
a: no special abilities


You were on level 4 of the Dungeon.
You visited 1 branch of the dungeon, and saw 4 of its levels.

You collected 162 gold pieces.

Inventory:

Hand Weapons
 f - a +0 mace of protection (weapon)
Armour
 a - a +0 robe (worn)
 e - a +0 pair of gloves (worn)
Scrolls
 b - a scroll of fear {unknown}
 c - a scroll of poison {unknown}
 d - 3 scrolls of identify {unknown}
 g - a scroll of butterflies {unknown}
 h - a scroll of noise {unknown}


   Skills:
 + Level 3.8 Fighting
 - Level 1.5 Dodging
 - Level 1.5 Stealth
 + Level 5.7 Spellcasting
 + Level 1.4 Conjurations
 - Level 4.0 Necromancy


You had 5 spell levels left.
You knew the following spells:

 Your Spells              Type           Power      Damage    Failure   Level
a - Necrotise             Necr           100%       1d9       2%          1
b - Vampiric Draining     Necr           26%        2d7       9%          3
c - Magic Dart            Conj           36%        1d4       8%          1
d - Animate Dead          Necr           26%        N/A       26%         4
e - Searing Ray           Conj           18%        2d5       12%         2

Your spell library contained the following spells:

 Spells                   Type           Power      Damage    Failure   Level
 Foxfire                  Conj/Fire      24%        2x1d5     11%         1
 Gell's Gravitas          Tloc           4%         N/A       38%         3
 Ignite Poison            Fire/Tmut/Pois 4%         N/A       38%         3
 Lesser Beckoning         Tloc           8%         N/A       38%         3
 Teleport Other           Tloc           4%         N/A       38%         3
 Agony                    Necr           26%        N/A       58%         5
 Fulminant Prism          Conj/Hex       3%         3d5       71%         4
 Conjure Ball Lightning   Conj/Air       3%         3x3d6     100%        6
 Discord                  Hex            2%         N/A       100%        8
 Disjunction              Tloc           2%         N/A       100%        8
 Ignition                 Fire           2%         3d3       100%        8


Dungeon Overview and Level Annotations

Branches:
Dungeon (4/15)             Temple (0/1) D:4

Altars:
Gozag
Qazlal
Uskayaw

Annotations:
D:2 Sigmund


Innate Abilities, Weirdness & Mutations

You are immune to poison.
Your flesh is cold resistant. (rC+)
You are immune to negative energy. (rN+++)
You are immune to unholy pain and torment.
You are vulnerable to heat. (rF-)
You are in touch with the powers of death.
You do not drink.
You have a special connection with the divine. (Faith)


Message History

Your orc priest skeleton crumbles into dust!
The orc hits you from afar with a +0 trident!
* * * LOW HITPOINT WARNING * * *
You hear some strange, mumbled words.
A puff of flame appears from out of thin air!
The puff of flame misses you. Something barely misses you.
The orc completely misses you.
Casting: Necrotise (safe; 2% risk of failure)
Confirm with . or Enter, or press ? or * to list all spells.
You can't see any susceptible monsters within range! (Use Z to cast anyway.)
Casting: Necrotise (safe; 2% risk of failure)
Confirm with . or Enter, or press ? or * to list all spells.
Aiming: Necrotise (safe; 2% risk of failure)
Press: ? - help, Shift-Dir - straight line, f/p - orc
Aim: an orc, wielding a +0 mace and wearing a +0 leather armour (chance to affect: 93%)
You feel a surge of power!
Something writhes in agony.
Reactivating autopickup.
You feel a bit more experienced.
The orc hits you from afar with a +0 trident.
* * * LOW HITPOINT WARNING * * *
Casting: Necrotise (safe; 2% risk of failure)
Confirm with . or Enter, or press ? or * to list all spells.
Aiming: Necrotise (safe; 2% risk of failure)
Press: ? - help, Shift-Dir - straight line, f/p - orc
Aim: an orc, wielding a +0 mace and wearing a +0 leather armour (chance to affect: 93%)
You feel a surge of power!
The orc writhes in agony.
The orc hits you from afar with a +0 trident.
* * * LOW HITPOINT WARNING * * *
The orc hits you with a +0 mace.
* * * LOW HITPOINT WARNING * * *
You can't drink.
Casting: Necrotise (safe; 2% risk of failure)
Confirm with . or Enter, or press ? or * to list all spells.
Aiming: Necrotise (safe; 2% risk of failure)
Press: ? - help, Shift-Dir - straight line, f/p - orc
Aim: an orc, wielding a +0 mace and wearing a +0 leather armour (lightly wounded, chance to affect: 93%)
You feel a surge of power!
The orc writhes in agony.
Your orc wizard skeleton hits the orc but does no damage.
The orc hits you from afar with a +0 trident.
You die...

#.......#...#...
.......#.......#...#...
......#.......#...#.<.
.....#.......#...#...
....#.......#...#...
Z..#.......#####...
o.#...............
#o#...............
#@###.............
#...#.............
#...#.............
#...#..)..........
#...#.............
#...#.....########
#...#.....#...#...
#...#.....'...#)..
#######'###.....#...+...


You could see 2 orcs and a friendly orc wizard skeleton.

Vanquished Creatures
  3 hounds (D:4)
  2 orc priests
  2 orc wizards
  4 adders
  A worm (D:3)
  2 dart slugs
  5 orcs (D:3)
  7 ball pythons
  5 endoplasms
  2 giant cockroaches (D:1)
  A goblin (D:1)
  9 hobgoblins
  2 quokkas
  5 bats
  A frilled lizard (D:1)
  2 kobolds
  2 rats
55 creatures vanquished.

Vanquished Creatures (collateral kills)
  A dart slug (D:3)
1 creature vanquished.

Grand Total: 56 creatures vanquished

Notes
Turn   | Place    | Note
-------+----------+-------------------------------------------
     0 | D:1      | oldriver the Mummy Necromancer began the quest for the Orb.
     0 | D:1      | Reached XP level 1. HP: 13/13 MP: 4/4
   123 | D:1      | Reached skill level 3 in Spellcasting
   376 | D:1      | Reached XP level 2. HP: 20/20 MP: 4/6
   415 | D:1      | Reached skill level 1 in Fighting
   845 | D:1      | Found a faded altar of an unknown god.
   936 | D:1      | Gained mutation: You are in touch with the powers of death.
                  | [Mummy growth]
   936 | D:1      | Reached XP level 3. HP: 26/26 MP: 0/8
  1098 | D:2      | Got Asmodeus's Catalogue of Embers
  1162 | D:2      | Noticed Sigmund
  1284 | D:3      | Reached skill level 4 in Spellcasting
  1369 | D:3      | Found a stormy altar of Qazlal.
  1538 | D:3      | Learned a level 3 spell: Vampiric Draining
  1637 | D:3      | Reached XP level 4. HP: 34/34 MP: 3/10
  1990 | D:3      | Found a hide-covered altar of Uskayaw.
  2442 | D:4      | Found a staircase to the Ecumenical Temple.
  2618 | D:4      | Reached skill level 5 in Spellcasting
  2689 | D:4      | Reached XP level 5. HP: 41/41 MP: 7/12
  2691 | D:4      | Learned a level 1 spell: Magic Dart
  2696 | D:4      | Learned a level 4 spell: Animate Dead
  2699 | D:4      | Learned a level 2 spell: Searing Ray
  2959 | D:4      | Found an opulent altar of Gozag.
  3102 | D:4      | Reached skill level 1 in Conjurations
  3115 | D:4      | Reached XP level 6. HP: 35/48 MP: 7/14
  3137 | D:4      | HP: 2/48 [orc/+0 mace (3)]
  3138 | D:4      | Slain by an orc

Illustrated notes

Levels and vault maps discovered:
D:1:      dpeg_arrival_rhombi, layout_basic,
          hellmonk_ecumenical_altar_leap_of_faith
D:2:      layout_basic, uniq_crazy_yiuf_cottage, uniq_sigmund
D:3:      layout_loops_ring, nicolae_uskayaw_suspiria, lemuel_tele_altar,
          minmay_misc_feat_hallway
D:4:      layout_gridville, nicolae_gozag_cash_rules_everything_around_me,
          temple_hall, roderic_malta_cross

Skill      XL: |  1  2  3  4  5 |
---------------+----------------+-----
Spellcasting   | 3 4 5 |  5.7
Fighting       | 1 2 3 |  3.8
Conjurations   | 1 |  1.4
Dodging        | |  1.5
Stealth        | |  1.5
Necromancy     | |  4.0

Action                   |  1- 3 |  4- 6 || total
-------------------------+-------+-------++-------
Melee: Unarmed           |    22 |     8 ||    30
       Mace              |       |    18 ||    18
 Cast: Necrotise         |    79 |    61 ||   140
Armor: Robe              |     1 |    11 ||    12
Dodge: Dodged            |    30 |    37 ||    67

Table legend: (Time is in decaauts)
 A = Elapsed time spent in this place.
 B = Non-inter-level travel time spent in this place.
 C = Inter-level travel time spent in this place.
 D = Time resting spent in this place.
 E = Time spent auto-exploring this place.
 F = Levels seen in this place.
 G = Mean time per level.
                   A        B        C        D        E       F      G
               +--------+--------+--------+--------+--------+-----+--------+
         Total |   3144 |   3083 |     61 |    283 |   2350 |   4 |  786.0 |
       Dungeon |   3144 |   3083 |     61 |    283 |   2350 |   4 |  786.0 |
               +--------+--------+--------+--------+--------+-----+--------+

Top non-repeatable levels by time:
     D:3: 1222 daAuts
     D:1: 1040 daAuts
     D:4: 742 daAuts
     D:2: 139 daAuts
